AoeStats
← KingRiles

Arena

509693686Analyzed
4v4 RM · 4d ago on Sep 27, 2026· 54m 2s· 8 players
Game mode
Random Map
Map size
Large (8 player)
Population
200
Speed
Normal
Resources
Standard
Victory
Conquest
Starting age
Dark Age
Ending age
Imperial Age
RankedLock teamsTeams togetherTeam positionsShared explorationLock speedFull tech treeHidden civsTurbo modeCheats
Victory
Defeat
🇫🇮 Mongols · Finland
1020
+14
🇫🇮 Poles · Finland
992
+15
🇨🇱 Chinese · Chile
978
+16
🇹🇷 Khmer · Türkiye
963
+16
🇺🇸 Aztecs · United States
1017
-18
🇺🇸 Vietnamese · United States
970
-15
🇺🇸 Poles · United States
966
-15
🇺🇸 Franks · United States
925
-13
Hindues
0:41 Loom
2:20 Loom
11:50 Feudal Age
18:42 Castle Age
21:34 Double-Bit Axe
27:55 Bow Saw
27:45 Gold Mining
33:39 Imperial Age
33:44 Heavy Rocket Cart
39:26 Pikeman
41:02 Pikeman
42:08 Halberdier
44:08 Scale Mail Armor
44:17 Man-at-Arms
Fluffipro
11:54 Feudal Age
16:43 Castle Age
14:49 Loom
15:01 Double-Bit Axe
14:59 Horse Collar
16:25 Bloodlines
17:56 Scale Barding Armor
17:47 Light Cavalry
20:39 Loom
23:52 Forging
26:29 Husbandry
30:50 Elite Skirmisher
34:51 Thumb Ring
37:29 Imperial Age
36:55 Bow Saw
36:58 Heavy Plow
37:26 Chain Barding Armor
37:42 Iron Casting
38:33 Szlachta Privileges
38:24 Cavalier
39:55 Wheelbarrow
39:05 Town Watch
40:50 Elite Obuch
42:47 Thumb Ring
44:02 Hand Cart
43:32 Town Watch
43:48 Winged Hussar
45:02 Winged Hussar
50:50 Scale Mail Armor
50:59 Fletching
51:10 Padded Archer Armor
52:29 Elite Obuch
54:47 Ballistics
55:28 Chemistry
54:14 Arrowslits
haratass
11:30 Feudal Age
15:13 Castle Age
13:02 Double-Bit Axe
13:10 Horse Collar
15:23 Man-at-Arms
18:39 Scale Mail Armor
18:44 Squires
20:09 Long Swordsman
22:14 Forging
23:22 Chain Mail Armor
25:58 Wheelbarrow
26:30 Iron Casting
34:03 Gold Mining
34:05 Stone Mining
35:07 Bow Saw
35:33 Hand Cart
38:46 Imperial Age
36:11 Fletching
36:21 Padded Archer Armor
36:47 Ballistics
37:08 Heavy Plow
37:47 Bodkin Arrow
38:07 Leather Archer Armor
38:35 Gold Shaft Mining
40:52 Drill
40:35 Capped Ram
42:23 Blast Furnace
42:50 Husbandry
43:02 Bloodlines
43:18 Conscription
42:22 Heavy Scorpion
43:30 Bracer
43:53 Fortified Wall
44:10 Light Cavalry
44:57 Scale Barding Armor
46:08 Hoardings
47:30 Chemistry
46:01 Hussar
47:04 Chain Barding Armor
49:08 Siege Engineers
49:23 Town Watch
YemYesiL
12:39 Feudal Age
10:58 Loom
15:21 Castle Age
13:44 Double-Bit Axe
13:44 Horse Collar
23:10 Pikeman
25:48 Bow Saw
26:05 Heavy Plow
30:05 Wheelbarrow
32:25 Imperial Age
32:08 Ballistics
32:23 Forging
32:14 Scale Mail Armor
33:13 Heavy Scorpion
33:58 Double Crossbow
35:35 Chemistry
35:06 Murder Holes
35:45 Siege Engineers
38:16 Iron Casting
37:58 Chain Mail Armor
39:28 Halberdier
KingClueless
11:38 Feudal Age
16:55 Castle Age
17:09 Loom
18:10 Double-Bit Axe
18:08 Horse Collar
33:32 Imperial Age
31:45 Wheelbarrow
31:21 Husbandry
32:02 Forging
31:52 Scale Mail Armor
32:12 Bloodlines
34:17 Szlachta Privileges
35:21 Heavy Plow
35:33 Bow Saw
35:23 Cavalier
39:53 Chain Mail Armor
42:39 Chemistry
42:29 Onager
43:26 Hand Cart
43:43 Fletching
47:37 Town Watch
53:41 Siege Engineers
Jugo_De_Sandilla
12:27 Feudal Age
16:50 Double-Bit Axe
19:17 Castle Age
18:49 Wheelbarrow
20:44 Husbandry
20:57 Scale Barding Armor
20:53 Scale Mail Armor
24:08 Forging
CodyWyoming82414
11:22 Feudal Age
15:38 Castle Age
14:12 Double-Bit Axe
15:41 Horse Collar
16:05 Stone Mining
16:53 Bow Saw
19:29 Gold Mining
21:51 Fletching
22:55 Heavy Plow
24:22 Bodkin Arrow
26:02 Padded Archer Armor
31:14 Leather Archer Armor
31:58 Ballistics
31:49 Masonry
31:20 Treadmill Crane
37:09 Imperial Age
34:42 Squires
34:28 Arson
34:04 Pikeman
35:07 Scale Mail Armor
35:18 Forging
37:13 Wheelbarrow
36:49 Loom
36:49 Town Watch
38:49 Stone Shaft Mining
39:39 Chemistry
38:45 Siege Engineers
39:51 Halberdier
40:58 Elite Rattan Archer
42:33 Bracer
42:49 Chain Mail Armor
44:05 Paper Money
50:19 Ring Archer Armor
50:25 Iron Casting
50:21 Plate Mail Armor
KingRiles
0:28 Loom
11:13 Feudal Age
16:09 Castle Age
14:09 Horse Collar
14:15 Double-Bit Axe
24:11 Wheelbarrow
23:22 Loom
23:23 Town Watch
24:22 Bow Saw
25:34 Hand Cart
27:42 Stone Mining
31:12 Imperial Age
30:32 Forging
30:23 Scale Mail Armor
30:16 Gold Mining
30:44 Town Patrol
32:40 Iron Casting
32:20 Chain Mail Armor
32:40 Garland Wars
32:41 Conscription
32:58 Elite Jaguar Warrior
34:44 Blast Furnace
33:53 Heavy Plow
34:14 Pikeman
34:55 Squires
34:46 Arson
37:42 Plate Mail Armor
Connection lost

Rejoining the realm…

Still unreachable

The connection could not be restored.

Session expired

The server has moved on; the page needs a fresh start.